 Dungeon Crawl Stone Soup version 0.28.0-45-g0d030f2227 (webtiles) character file.

Game seed: 18147814279561580762

44 MisterFreud the Ruffian (level 3, -1/31 HPs)
             Began as a Ghoul Monk on Mar 31, 2022.
             Slain by Terence
             ... wielding a +0 flail
              (8 damage)
             ... on level 2 of the Dungeon.
             The game lasted 00:01:24 (1068 turns).

MisterFreud the Ruffian (Ghoul Monk)                Turns: 1068, Time: 00:01:25

Health: -1/31      AC:  3    Str: 16    XL:     3   Next: 60%
Magic:  2/2        EV: 12    Int:  5    God:
Gold:   37         SH:  0    Dex: 11    Spells: 2/2 levels left

rFire   . . .      SeeInvis .     - Unarmed
rCold   + . .      Faith    .   (no shield)
rNeg    + + +      Spirit   .   a - +0 robe
rPois   ∞          Reflect  .   (no helmet)
rElec   .          Harm     .   (no cloak)
rCorr   .          Rampage  .   (no gloves)
Will    .....                   g - +0 pair of boots
Stlth   ++........              (no amulet)
HPRegen 0.00/turn               (no ring)
MPRegen 0.08/turn               (no ring)

@: inhibited regen
A: claws 1, cold resistance 1, negative energy resistance 3, inhibited
regeneration, torment resistance 2
a: no special abilities


You were on level 2 of the Dungeon.
You visited 1 branch of the dungeon, and saw 2 of its levels.

You collected 37 gold pieces.

Inventory:

Armour
 a - a +0 robe (worn)
 g - a +0 pair of boots (worn)
Scrolls
 b - 4 scrolls of teleportation {unknown}
 d - 2 scrolls of amnesia {unknown}
 e - a scroll of fear {unknown}
 f - 3 scrolls of identify {unknown}
Potions
 c - a potion of flight {unknown}


   Skills:
 - Level 3.2 Fighting
 - Level 2.6 Dodging
 - Level 2.1 Stealth
 + Level 5.0 Unarmed Combat


You had 2 spell levels left.
You didn't know any spells.
Your spell library was empty.

Dungeon Overview and Level Annotations

Branches:
Dungeon (2/15)

Altars:

Annotations:
D:2 Terence


Innate Abilities, Weirdness & Mutations

You thrive by killing the living.
You are immune to poison.
You have sharp fingernails.
Your flesh is cold resistant. (rC+)
You are immune to negative energy. (rN+++)
You do not regenerate when monsters are visible.
You are immune to unholy pain and torment.


Message History

You scratch the rat.
You kill the rat!
Your Unarmed Combat skill increases to level 5!
You see here a rat corpse.
Terence the Incautious comes into view.
He is wielding a +0 flail.
Terence shouts!
Terence is nearby!
Terence is nearby!
Terence is nearby!
You scratch Terence but do no damage. Terence hits you but does no damage.
Terence is nearby!
You completely miss Terence. Terence shouts, "Now you die!"
Terence hits you with a +0 flail.
You scratch Terence.
Terence is moderately wounded.
Terence misses you.
You scratch Terence.
Terence is heavily wounded.
Terence closely misses you.
You closely miss Terence.
Terence is heavily wounded.
Terence hits you with a +0 flail.
You closely miss Terence.
Terence is heavily wounded.
Terence hits you with a +0 flail!
You barely miss Terence.
Terence is heavily wounded.
Terence barely misses you.
You closely miss Terence. Your claw misses Terence.
Terence is heavily wounded.
Terence barely misses you.
You barely miss Terence.
Terence is heavily wounded.
Terence hits you with a +0 flail!
* * * LOW HITPOINT WARNING * * *
You scratch Terence.
Terence is severely wounded.
Terence hits you with a +0 flail!
You die...

##........######
...........#
...>.......####
..#+###†.......
. #..........
#....#.....
#..........
#..........
#@.........
#...@...#####.
#.......#
#.......#
#.......#
#........
#........#
#........#


You could see Terence.

Vanquished Creatures
  2 dart slugs (D:1)
  An endoplasm (D:1)
  A giant cockroach (D:1)
  6 goblins
  6 hobgoblins
  6 ball pythons
  3 bats (D:1)
  A frilled lizard (D:1)
  6 kobolds
  6 rats
38 creatures vanquished.

Notes
Turn   | Place    | Note
-------+----------+-------------------------------------------
     0 | D:1      | MisterFreud the Ghoul Monk began the quest for the Orb.
     0 | D:1      | Reached XP level 1. HP: 19/19 MP: 0/0
   112 | D:1      | Reached XP level 2. HP: 22/26 MP: 1/1
   120 | D:1      | Reached skill level 4 in Unarmed Combat
   401 | D:1      | Reached XP level 3. HP: 28/31 MP: 2/2
   516 | D:1      | Found a faded altar of an unknown god.
  1053 | D:2      | Reached skill level 5 in Unarmed Combat
  1055 | D:2      | Noticed Terence
  1068 | D:2      | Slain by Terence

Illustrated notes

Levels and vault maps discovered:
D:1:      scummos_arrival_simple_fountains, layout_rooms,
          nicolae_ecumenical_lake_church, chequers_garden, minmay_crystal_water,
          minivault_23
D:2:      layout_basic, uniq_terence

Skill      XL: |  1  2  3 |
---------------+----------+-----
Unarmed Combat | 4 5 |  5.0
Fighting       | |  3.2
Dodging        | |  2.6
Stealth        | |  2.1

Action                   || total
-------------------------++-------
Melee: Unarmed           ||   113
       Punch             ||     1
Armor: Robe              ||    18
Dodge: Dodged            ||    59
